 Dungeon Crawl Stone Soup version 0.31.0-7-gf635a9b802 (webtiles) character file.

Game seed: 13482143782724427373

67 Arctor the Shooter (level 4, -6/26 HPs)
             Began as a Kobold Hexslinger on Jan 24, 2024.
             Mangled by Sigmund
             ... wielding a +0 scythe
              (8 damage)
             ... on level 3 of the Dungeon.
             The game lasted 00:01:46 (1688 turns).

Arctor the Shooter (Kobold Hexslinger)              Turns: 1688, Time: 00:01:47

Health: -6/26      AC:  3    Str:  5    XL:     4   Next: 40%
Magic:  6/6        EV: 15    Int: 14    God:
Gold:   112        SH:  0    Dex: 19    Spells: 1/6 levels left

rFire   . . .        a - +2 sling
rCold   . . .        (no shield)
rNeg    . . .        c - +0 robe
rPois   .            (no helmet)
rElec   .            (no cloak)
rCorr   .            q - +0 pair of gloves
SInv    .            (no boots)
Will    .....        o - amulet of faith
Stlth   +++          (no ring)
HPRegen 0.24/turn    (no ring)
MPRegen 0.10/turn

%: faith
@: brilliant
A: small, no large weapons, nightstalker 3
a: no special abilities


You were on level 3 of the Dungeon.
You visited 1 branch of the dungeon, and saw 3 of its levels.

You collected 112 gold pieces.

Inventory:

Hand Weapons
 a - a +2 sling (weapon)
Missiles
 l - 2 throwing nets
Armour
 c - a +0 robe (worn)
 q - a +0 pair of gloves (worn)
Jewellery
 d - a ring of ice
 o - an amulet of faith (around neck)
Scrolls
 b - a scroll of poison
 e - a scroll of fog
 f - a scroll of blinking
 h - a scroll of amnesia
 j - a scroll of noise
 k - a scroll of teleportation
 m - a scroll of enchant armour
 n - 3 scrolls of immolation {unknown}
 p - 2 scrolls of enchant weapon
Potions
 g - a potion of curing


   Skills:
 + Level 1.9 Fighting
 + Level 3.5 Ranged Weapons
 + Level 3.0 Dodging
 + Level 1.7 Spellcasting
 + Level 3.3 Hexes
 + Level 0.7 Translocations
 - Level 1.3 Fire Magic


You had one spell level left.
You knew the following spells:

 Your Spells              Type           Power      Damage    Failure   Level
a - Jinxbite              Hex            30%        N/A       10%         2
b - Teleport Other        Tloc           4%         N/A       50%         3

Your spell library contained the following spells:

 Spells                   Type           Power      Damage    Failure   Level
 Sigil of Binding         Hex            15%        N/A       19%         3
 Inner Flame              Hex/Fire       11%        N/A       28%         3
 Static Discharge         Conj/Air       2%         3-4/arc   36%         2
 Gell's Gravitas          Tloc           4%         N/A       50%         3
 Cause Fear               Hex            7%         N/A       52%         4
 Dimensional Bullseye     Hex/Tloc       5%         N/A       71%         4
 Airstrike                Air            0%         2d(1-17)  94%         4
 Summon Lightning Spire   Summ/Air       1%         N/A       94%         4
 Dispersal                Tloc           2%         N/A       100%        6


Dungeon Overview and Level Annotations

Branches:
Dungeon (3/15)

Altars:

Annotations:
D:3 Sigmund


Innate Abilities, Weirdness & Mutations

You are small and have problems with some larger weapons.
You are completely attuned to the shadows.


Message History

You shoot a sling bullet.
The sling bullet hits the giant cockroach.
You kill the giant cockroach!
You now have 112 gold pieces (gained 10).
Found a war axe.
No target in view!
You see here a +0 war axe.
Sigmund the Dreaded comes into view.
He is wielding a +0 scythe.
You shoot a sling bullet. The sling bullet hits Sigmund.
Sigmund is lightly wounded.
Sigmund points at you and mumbles some strange words.
The puff of flame hits you.
You shoot a sling bullet.
The sling bullet completely misses Sigmund.
Sigmund mumbles some strange words.
Sigmund flickers and vanishes!
Deactivating autopickup; reactivate with Ctrl-A.
There is a strange disturbance nearby!
No target in view!
There is a strange disturbance nearby!
Unknown command.
Casting: Teleport Other (extremely dangerous; 50% risk of failure)
Confirm with . or Enter, or press ? or * to list all spells.
There is nobody nearby that the sprites are interested in.
Something hits you.
An endoplasm comes into view.
You shoot a sling bullet. Something hits you!
You shoot a sling bullet.
The sling bullet hits the endoplasm but does no damage.
It was a potion of curing.
You feel better. Something hits you.
It was a potion of brilliance.
You feel clever all of a sudden.
You hear some strange, mumbled words.
A puff of flame appears from out of thin air!
The puff of flame hits you!
* * * LOW HITPOINT WARNING * * *
You shoot a sling bullet. The sling bullet hits the endoplasm.
The endoplasm is moderately wounded.
Something hits you!
You die...

#######.### .... #.#
.... #.# .######.#
........# #.#
##.###### #.# #.###
#J# #...## #{# #
###..#### #@#.#
#####......## #.#.##
............####.....
.....†...............
...............)..##.
..................#
####........#.....#
#.........###+##
#######...#


You could see an endoplasm.

Vanquished Creatures
  An adder (D:2)
  A dart slug (D:3)
  2 ribbon worms (D:2)
  6 ball pythons
  2 endoplasms
  5 giant cockroaches
  3 goblins
  5 hobgoblins
  2 jackals (D:1)
  5 kobolds
  2 quokkas
  2 bats (D:2)
  4 frilled lizards
  6 rats
46 creatures vanquished.

Notes
Turn   | Place    | Note
-------+----------+-------------------------------------------
     0 | D:1      | Arctor the Kobold Hexslinger began the quest for the Orb.
     0 | D:1      | Reached XP level 1. HP: 12/12 MP: 2/2
   284 | D:1      | Reached XP level 2. HP: 16/16 MP: 3/3
   629 | D:1      | Reached XP level 3. HP: 20/20 MP: 5/5
   971 | D:2      | Learned a level 3 spell: Teleport Other
  1157 | D:2      | Reached XP level 4. HP: 18/26 MP: 6/6
  1350 | D:2      | Learned a level 2 spell: Jinxbite
  1679 | D:3      | Noticed Sigmund
  1688 | D:3      | Mangled by Sigmund

Illustrated notes

Levels and vault maps discovered:
D:1:      dpeg_arrival_round_c, layout_loops_corners
D:2:      layout_rooms, chequers_serial_rivers_small_a, minmay_small_reverse_x
D:3:      layout_basic, serial_shops, nicolae_shop_gaudy_bauble, uniq_sigmund

Skill      XL: |  1  2  3  4 |
---------------+-------------+-----
Ranged Weapons | 3 |  3.5
Dodging        | 3 |  3.0
Fighting       | |  1.9
Spellcasting   | |  1.7
Hexes          | |  3.3
Translocations | |  0.7
Fire Magic     | |  1.3

Action                     |  1- 3 |  4- 6 || total
---------------------------+-------+-------++-------
   Fire: Sling             |    72 |    38 ||   110
    Use: Scroll            |     6 |     2 ||     8
         Potion            |     2 |     2 ||     4
 Armour: Robe              |     9 |    15 ||    24
  Dodge: Dodged            |     8 |    10 ||    18
